 Dungeon Crawl Stone Soup version 0.32-a0-928-g1cae6b7ea0 (webtiles) character file.

Game seed: 1786428918933891357

10682 Ahpoh the Carver (level 11, -4/94 HPs)
             Began as a Ghoul Gladiator on Apr 11, 2024.
             Was a High Priest of Okawaru.
             Slain by a troll (7 damage)
             ... on level 9 of the Dungeon on Apr 12, 2024.
             The game lasted 01:02:13 (14298 turns).

Ahpoh the Carver (Ghoul Gladiator)                 Turns: 14298, Time: 01:02:14

Health: -4/94      AC: 23    Str: 25    XL:     11   Next: 65%
Magic:  0/13       EV: 10    Int:  7    God:    Okawaru [*****.]
Gold:   604        SH:  8    Dex: 14    Spells: 10/10 levels left

rFire   . . .        l - +1 long sword
rCold   + . .        d - +0 kite shield
rNeg    + + +        E - +5 pearl dragon scales of the First Snow {rN+ Will++}
rPois   ∞            c - +0 helmet
rElec   .            n - +0 cloak
rCorr   .            i - +0 pair of gloves
SInv    +            o - +0 pair of boots
Will    ++...        I - amulet of guardian spirit Stlth
                     b - +6 ring of strength
HPRegen 0.00/turn    F - ring of see invisible
MPRegen 0.13/turn

%: guardian spirit
@: inhibited regen
A: claws 1, cold resistance 1, negative energy resistance 3, inhibited
regeneration, torment resistance 2, devour on kill
a: Renounce Religion, Heroism, Finesse, Duel


You were on level 9 of the Dungeon.
You worshipped Okawaru.
Okawaru was extremely pleased with you.
You visited 2 branches of the dungeon, and saw 10 of its levels.

You collected 604 gold pieces.

Inventory:

Hand Weapons
 e - a +0 orcbow
 l - a +1 long sword (weapon)
 u - a +2 dire flail of protection
Missiles
 j - 4 silver javelins (quivered)
 s - 3 javelins
 t - 2 atropa-tipped darts
 A - 11 poisoned darts
Armour
 c - a +0 helmet (worn)
 d - a +0 kite shield (worn)
 i - a +0 pair of gloves (worn)
 n - a +0 cloak (worn)
 o - a +0 pair of boots (worn)
 C - a +2 scale mail of cold resistance
 E - the +5 pearl dragon scales of the First Snow (worn) {rN+ Will++}
   (You found it on level 8 of the Dungeon)

   rN+:       It protects you from negative energy.
   Will++:    It greatly increases your willpower.
 G - a +0 buckler
Jewellery
 b - a +6 ring of strength (left hand)
 g - a +6 ring of intelligence
 h - an amulet of the acrobat
 r - a ring of wizardry
 F - a ring of see invisible (right hand)
 I - an amulet of guardian spirit (around neck)
Wands
 m - a wand of digging (8)
 D - a wand of polymorph (9)
Scrolls
 a - a scroll of revelation {unknown}
 f - a scroll of summoning {unknown}
 p - 3 scrolls of enchant weapon
 q - a scroll of fog {unknown}
 w - a scroll of enchant armour {unknown}
 H - a scroll of noise {unknown}
Potions
 k - a potion of berserk rage
 v - a potion of attraction


   Skills:
 * Level 8.0 Fighting
 * Level 11.2 Long Blades
 * Level 4.8 Throwing
 * Level 6.9 Armour
 * Level 6.2 Dodging
 - Level 1.3 Stealth
 + Level 1.8 Shields
 * Level 3.3 Invocations


You had 10 spell levels left.
You didn't know any spells.
Your spell library contained the following spells:

 Spells                   Type           Power      Damage    Failure   Level
 Apportation              Tloc           0%         N/A       95%         1
 Necrotise                Necr           0%         1d4       95%         1
 Slow                     Hex            0%         N/A       95%         1
 Sting                    Conj/Alch      0%         1d3       95%         1
 Confusing Touch          Hex            0%         N/A       100%        3
 Vampiric Draining        Necr           0%         2d6       100%        3
 Yara's Violent Unravell  Hex/Alch       0%         3d3       100%        5
 Eringya's Noxious Bog    Alch           0%         4d6       100%        6
 Polar Vortex             Ice            0%         N/A       100%        9
 Summon Small Mammal      Summ           Unusable   N/A       N/A         1
 Call Canine Familiar     Summ           Unusable   N/A       N/A         3
 Summon Ice Beast         Ice/Summ       Unusable   N/A       N/A         3
 Summon Blazeheart Golem  Fire/Summ      Unusable   N/A       N/A         4
 Summon Mana Viper        Hex/Summ       Unusable   N/A       N/A         5
 Monstrous Menagerie      Summ           Unusable   N/A       N/A         7

Dungeon Overview and Level Annotations

Branches:
Dungeon (9/15)             Temple (1/1) D:4            Lair (0/5) D:8
    Orc: D:9-12

Altars:
Ashenzari
Cheibriados
Dithmenos
Fedhas
Gozag
Kikubaaqudgha
Makhleb
Nemelex Xobeh
Okawaru
Qazlal
Ru
Sif Muna
Trog
Uskayaw
Vehumet
Wu Jian
Yredelemnul

Shops:
D:2 (   D:4 [   D:7 [

Annotations:
D:7 1 runed translucent door, gosagan's ghost, novice FeHW


Innate Abilities, Weirdness & Mutations

You are immune to poison.
You have sharp fingernails.
Your flesh is cold resistant. (rC+)
You are immune to negative energy. (rN+++)
You do not regenerate when monsters are visible.
You are immune to unholy pain and torment.
You thrive by killing the living.


Message History

You barely miss the gargoyle.
The gargoyle is moderately damaged.
The gargoyle hurls a stone arrow at you.
The stone arrow hits you!
You hit the gargoyle but do no damage.
The gargoyle is moderately damaged.
You slash the gargoyle!
The gargoyle is severely damaged.
You feel like a meek peon again.
The gargoyle hits you but does no damage.
You hit the gargoyle but do no damage.
The gargoyle is severely damaged.
The gargoyle hits you with a +0 flail!
You hit the gargoyle but do no damage.
The gargoyle is severely damaged.
The gargoyle barely misses you.
The basilisk hisses menacingly.
You hit the gargoyle.
The gargoyle is severely damaged.
The gargoyle hits you with a +0 flail!
The gargoyle hurls a stone arrow at you.
The stone arrow misses you.
The gargoyle hurls a stone arrow at you.
The stone arrow hits you.
* * * LOW HITPOINT WARNING * * *
The gargoyle hurls a stone arrow at you.
The stone arrow hits you!!
* * * LOW HITPOINT WARNING * * *
A troll comes into view.
The troll shouts!
The troll bites you.
* * * LOW HITPOINT WARNING * * *
The troll claws you but does no damage. You block the troll's attack.
The troll attacks as it pursues you! The troll bites you but does no damage.
You block the troll's attack. x2
The troll attacks as it pursues you! The troll closely misses you.
The troll barely misses you. The troll claws you but does no damage.
A killer bee comes into view.
The troll attacks as it pursues you! The troll bites you!
You die...

♣.♣♣♣♣♣
♣♣.♣#............# ♣.
♣.♣♣#............#
##♣.♣##.............
#.♣.♣.#.............
#♣.♣.♣#.............
#.♣.♣.#.............
#♣.♣.♣#........#####
#.♣T♣.#........# ####
#######@###(.....[.#
....
..y.............[..#
....
............#####).# #
............#...#))# #
............#...#..# #
###.........#...#)<#####
# #.........#...#)......
# #.........##''#.......
#...........[.....÷...


You could see a troll and a killer bee.

Vanquished Creatures
  A two-headed ogre (D:8)
  Pikel (D:4)
  2 ugly things (D:9)
  A cyclops (D:9)
  2 gargoyles (D:9)
  A troll (D:9)
  A vampire (D:8)
  2 wraiths
  11 yaks (D:8)
  3 wyverns
  A steam dragon (D:7)
  An acid dragon (D:8)
  3 water moccasins
  A sky beast (D:7)
  4 ice beasts
  A black bear (D:6)
  2 ogres
  7 orc warriors
  2 elephant zombies (D:8)
  A phantom (D:5)
  2 centaurs (D:9)
  3 kobold brigands (D:9)
  3 bullfrogs
  A gnoll sergeant (D:9)
  2 scorpions
  8 killer bees
  A vampire bat (D:5)
  6 howler monkeys
  3 centaur zombies (D:8)
  2 bombardier beetles
  2 hounds (D:4)
  15 orc priests
  2 jellies
  4 sleepcaps
  Crazy Yiuf (D:6)
  Jessica (D:2)
  Natasha (thrice) (D:2)
  4 iguanas
  18 orc wizards
  A scorpion zombie (D:8)
  4 hound zombies (D:8)
  4 howler monkey zombies (D:8)
  2 adders
  A dart slug (D:1)
  2 ribbon worms
  36 orcs
  3 bat skeletons (D:5)
  3 bat zombies (D:5)
  5 endoplasms
  5 giant cockroaches
  14 goblins
  10 hobgoblins
  3 kobolds
  5 quokkas
  9 ball pythons
  3 bats
  3 frilled lizards
  7 rats (D:2)
249 creatures vanquished.

Vanquished Creatures (others)
  A killer bee zombie (D:8)
1 creature vanquished.

Grand Total: 250 creatures vanquished

Notes
Turn   | Place    | Note
-------+----------+-------------------------------------------
     0 | D:1      | Ahpoh the Ghoul Gladiator began the quest for the Orb.
     0 | D:1      | Reached XP level 1. HP: 17/17 MP: 1/1
   232 | D:1      | Reached XP level 2. HP: 24/24 MP: 2/2
   324 | D:1      | Reached skill level 3 in Long Blades
   840 | D:2      | Reached XP level 3. HP: 27/30 MP: 3/3
   931 | D:2      | Identified the +8 chain mail "Lemnat" {Int+3}
  1036 | D:2      | Noticed Jessica
  1055 | D:2      | Killed Jessica
  1250 | D:2      | Reached XP level 4. HP: 37/37 MP: 4/4
  1461 | D:2      | Found Poeryoph's Weapon Boutique.
  1663 | D:2      | Noticed Natasha
  1671 | D:2      | Killed Natasha
  1672 | D:2      | Reached skill level 4 in Long Blades
  1672 | D:2      | Reached skill level 1 in Armour
  1760 | D:2      | Noticed Natasha
  1766 | D:2      | Killed Natasha
  1767 | D:2      | Reached XP level 5. HP: 29/44 MP: 5/5
  1856 | D:2      | Found a faded altar of an unknown god.
  1987 | D:2      | Prayed at the altar of an unknown god.
  1987 | D:2      | Became a worshipper of Sif Muna the Loreminder
  1987 | D:2      | Reached * piety under Sif Muna
  1988 | D:2      | Fell from the grace of Sif Muna
  2021 | D:2      | Noticed Natasha
  2032 | D:2      | Killed Natasha
  2167 | D:3      | Found a shadowy altar of Dithmenos.
  2540 | D:3      | Reached XP level 6. HP: 51/51 MP: 6/6
  2605 | D:3      | Identified the +3 scale mail of Sunlight {Harm Stlth+}
  2672 | D:3      | You fall into a shaft and drop 1 floor!
  2706 | D:4      | Found Etepruupno's Antique Armour Shoppe.
  2886 | D:4      | Noticed Pikel
  2908 | D:4      | Killed Pikel
  2909 | D:4      | Reached skill level 5 in Long Blades
  2909 | D:4      | Reached XP level 7. HP: 25/59 MP: 7/7
  2915 | D:4      | Upgraded the game from 0.32-a0-918-g0f22ef8d61 to
                  | 0.32-a0-928-g1cae6b7ea0
  3165 | D:4      | Reached skill level 6 in Long Blades
  3366 | D:4      | Got the Compendium of the Chemical Iceberg
  3415 | D:4      | Found a staircase to the Ecumenical Temple.
  3425 | Temple   | Entered the Ecumenical Temple
  3550 | Temple   | Became a worshipper of Warmaster Okawaru
  3719 | D:4      | Reached XP level 8. HP: 57/66 MP: 8/8
  4181 | D:4      | Reached skill level 1 in Stealth
  4569 | D:5      | Entered Level 5 of the Dungeon
  5376 | D:5      | Found an ancient bone altar of Kikubaaqudgha.
  5384 | D:5      | Reached skill level 7 in Long Blades
  5881 | D:5      | Reached * piety under Okawaru
  6146 | D:4      | Reached skill level 5 in Fighting
  6146 | D:4      | Reached XP level 9. HP: 18/74 MP: 9/9
  6506 | D:6      | Reached skill level 8 in Long Blades
  6515 | D:6      | Found the +0 toga "Victory" {*Victory Clar}
  6706 | D:6      | Found a runed translucent door.
  6707 | D:6      | Noticed Crazy Yiuf
  6911 | D:6      | Found a sparkling altar of Nemelex Xobeh.
  7092 | D:6      | Killed Crazy Yiuf
  7624 | D:7      | Identified the +8 orcbow "Acac" {drain, rF+}
  7932 | D:7      | Found Cheibriados's Comfort Zone.
  7932 | D:7      | Found a snail-covered altar of Cheibriados.
  8079 | D:7      | Found a radiant altar of Vehumet.
  8080 | D:7      | Found a bloodstained altar of Trog.
  8420 | D:7      | Was forgiven by Sif Muna
  8459 | D:7      | Found an ornate altar of the Wu Jian Council.
  8477 | D:7      | Reached ** piety under Okawaru
  8478 | D:7      | Reached skill level 5 in Dodging
  8594 | D:7      | Reached skill level 5 in Armour
  8939 | D:7      | Found a runed translucent door.
  8939 | D:7      | Noticed gosagan's ghost (novice FeHW)
  9312 | D:7      | Reached skill level 9 in Long Blades
  9315 | D:7      | Reached XP level 10. HP: 18/83 MP: 10/10
  9942 | D:8      | Found a hide-covered altar of Uskayaw.
  9979 | D:8      | Noticed a two-headed ogre
 10029 | D:8      | Found an ancient bone altar of Kikubaaqudgha.
 10154 | D:8      | Killed a two-headed ogre
 10154 | D:8      | Reached *** piety under Okawaru
 10713 | D:8      | Identified the +5 pearl dragon scales of the First Snow
                  | {rN+ Will++}
 10785 | D:8      | Found a staircase to the Lair.
 11006 | D:8      | Reached skill level 10 in Long Blades
 11030 | D:8      | Reached skill level 1 in Invocations
 11038 | D:8      | Reached **** piety under Okawaru
 11785 | D:9      | Noticed a red ugly thing
 11801 | D:9      | HP: 4/86 [red ugly thing (14)]
 12083 | D:9      | Killed a red ugly thing
 12372 | D:9      | Noticed a gargoyle
 12392 | D:9      | Killed a gargoyle
 12433 | D:9      | Reached XP level 11. HP: 35/92 MP: 6/12
 12725 | D:9      | Reached skill level 1 in Shields
 12730 | D:9      | Noticed a cyclops
 12748 | D:9      | HP: 3/92 [killer bee (2)]
 12752 | D:8      | HP: 1/92 [killer bee (1)]
 13398 | D:8      | Reached ***** piety under Okawaru
 13758 | D:9      | Killed a cyclops
 13759 | D:9      | Reached skill level 11 in Long Blades
 13879 | D:8      | Received a gift from Okawaru
 14253 | D:9      | Noticed a cyan ugly thing
 14264 | D:9      | Killed a cyan ugly thing
 14288 | D:9      | HP: 4/94 [gargoyle/stone arrow (22)]
 14295 | D:9      | HP: 3/94 [troll (2)]
 14298 | D:9      | Slain by a troll

Illustrated notes

Levels and vault maps discovered:
D:1:      psy_arrival_statuary, layout_basic
D:2:      cheibrodos_greedy_goblins, layout_loops_corners, serial_shops,
          nicolae_shop_bloodbath_and_beyond, chequers_ecumenical_altar_twisty,
          minmay_rat_gold_closets, uniq_natasha, uniq_jessica
D:3:      layout_rooms, mainiacjoe_overflow_concentric_impassable,
          nicolae_elyvilon_peaceful_grove
D:4:      layout_basic, minmay_temple_entry_statues_pillars, serial_shops, shop,
          uniq_pikel
D:5:      layout_basic, kennysheep_vampire_church, serial_park_tiny_1,
          nicolae_hexahallways, nicolae_tricolors
D:6:      layout_cave_pools, nemelex_xobeh_ov_fountains_minmay,
          uniq_crazy_yiuf_cottage
D:7:      layout_basic, mainiacjoe_overflow_paths,
          mainiacjoe_overflow_catch_the_wave, gammafunk_ghost_grave,
          minmay_shop_chei
D:8:      layout_cave_pools, lemuel_crystal_altar, dpeg_oklobed_lair,
          serial_co_window_serial, co_window_of_opportunity_a,
          co_window_corner_a, co_window_corner_a, co_window_paths_a,
          co_window_paths_a, co_window_of_opportunity_b,
          co_window_of_opportunity_c, co_window_broadway_c,
          co_window_broadway_b, co_window_broadway_b, co_window_4corner_a,
          glass_columns_a, glass_columns_a, glass_columns_a, glass_columns_a,
          glass_columns_a, roadster_capsule_ark_zombie
D:9:      nzn_winding_woodlands_large [nzn_winding_woodlands_5x5_checkerboard,
          nzn_winding_woodlands_5x15_cabin,
          nzn_winding_woodlands_5x5_closed_star,
          nzn_winding_woodlands_center_triple_pond,
          nzn_winding_woodlands_15x15_killbox,
          nzn_winding_woodlands_center_garden, nzn_winding_woodlands_5x5_cross,
          nzn_winding_woodlands_5x15_sawtooth, nzn_winding_woodlands_hourglass],
          layout_irregular_city, regret_index_temple_of_mockery, david_orc_4,
          serial_shops, shop
Temple:   nicolae_temple_bog_church

Skill      XL: |  1  2  3  4  5  6  7  8  9 10 11 |
---------------+----------------------------------+-----
Dodging        | 3 4 5 6 |  6.2
Long Blades    | 3 4 5 6 7 9 10 11 | 11.2
Armour         | 1 2 3 5 6 |  6.9
Fighting       | 3 4 5 6 7 8 |  8.0
Stealth        | 1 |  1.3
Throwing       | 2 3 4 |  4.8
Invocations    | 2 3 |  3.3
Shields        | 1 |  1.8

Action                     |  1- 3 |  4- 6 |  7- 9 | 10-12 || total
---------------------------+-------+-------+-------+-------++-------
  Melee: Long sword        |    64 |   182 |   477 |   719 ||  1442
  Throw: Javelin           |       |       |    38 |    21 ||    59
         Throwing net      |       |       |     2 |     2 ||     4
         Dart              |       |       |       |     7 ||     7
 Invoke: Renounce Religion |       |     1 |       |       ||     1
         Heroism           |       |       |       |     3 ||     3
    Use: Scroll            |       |     3 |    10 |     5 ||    18
         Potion            |       |       |     5 |     5 ||    10
   Stab: Held in net/web   |       |       |     3 |     4 ||     7
 Armour: Leather armour    |     8 |       |       |       ||     8
         Ring mail         |    36 |    42 |       |       ||    78
         Scale mail        |       |   127 |   182 |   147 ||   456
         Chain mail        |       |       |   208 |       ||   208
         Pearl dragon scal |       |       |       |   393 ||   393
  Dodge: Dodged            |    42 |    84 |   242 |   341 ||   709
  Block: Buckler           |       |       |       |    45 ||    45
         Kite shield       |       |       |       |    92 ||    92

Table legend: (Time is in decaauts)
 A = Elapsed time spent in this place.
 B = Non-inter-level travel time spent in this place.
 C = Inter-level travel time spent in this place.
 D = Time resting spent in this place.
 E = Time spent auto-exploring this place.
 F = Levels seen in this place.
 G = Mean time per level.
                   A        B        C        D        E       F      G
               +--------+--------+--------+--------+--------+-----+--------+
         Total |  14416 |  14054 |    362 |   3931 |   5572 |  10 | 1441.6 |
       Dungeon |  14264 |  13916 |    348 |   3931 |   5572 |   9 | 1584.9 |
        Temple |    151 |    137 |     14 |      0 |      0 |   1 |  151.0 |
               +--------+--------+--------+--------+--------+-----+--------+

Top non-repeatable levels by time:
     D:8: 2963 daAuts
     D:7: 2366 daAuts
     D:4: 1824 daAuts
     D:5: 1695 daAuts
     D:2: 1661 daAuts
     D:9: 1355 daAuts
     D:6: 1150 daAuts
     D:1: 701 daAuts
     D:3: 546 daAuts
  Temple: 151 daAuts
